 Dungeon Crawl Stone Soup version 0.31-a0-1010-g5322dac6a2 (webtiles) character file.

Game seed: 16244289087023247756

5 MackTheKnife the Caller (level 1, -4/11 HPs)
             Began as an Octopode Summoner on Nov 16, 2023.
             Frozen to death by an endoplasm (5 damage)
             ... on level 1 of the Dungeon.
             The game lasted 00:01:14 (296 turns).

MackTheKnife the Caller (Octopode Summoner)          Turns: 296, Time: 00:01:15

Health: -4/11      AC:  1    Str:  7    XL:     1   Next: 80%
Magic:  3/3        EV: 13    Int: 17    God:
Gold:   0          SH:  0    Dex: 12    Spells: 3/4 levels left

rFire   . . .        (no weapon)
rCold   . . .        (no shield)
rNeg    . . .        (helmet restricted)
rPois   .            (no amulet)
rElec   .            (no ring)
rCorr   .            (no ring)
SInv    .            (no ring)
Will    .....        (no ring)
Stlth   +++          (no ring)
HPRegen 0.21/turn    (no ring)
MPRegen 0.08/turn    (no ring)
                     (no ring)

%: no passive effects
@: no status effects
A: almost no armour, amphibious, 8 rings, camouflage 1, gelatinous body 1,
(nimble swimmer 1), tentacles
a: no special abilities


You were on level 1 of the Dungeon.
You visited 1 branch of the dungeon, and saw 1 of its levels.


Innate Abilities, Weirdness & Mutations

You cannot wear most types of armour.
You are amphibious.
You can wear up to eight rings at the same time.
Your skin changes colour to match your surroundings (Stealth+).
Your rubbery body absorbs attacks. (AC +1, EV +1)
((You are camouflaged when in or above water. (Stealth+)))
You have tentacles for arms and can constrict up to eight enemies at once.


   Skills:
 - Level 2.0 Dodging
 - Level 2.6 Stealth
 - Level 2.0 Spellcasting
 + Level 4.3 Summonings


You had 3 spell levels left.
You knew the following spells:

 Your Spells              Type           Power      Damage    Failure   Level
a - Summon Small Mammal   Summ           64%        N/A       3%          1

Your spell library contained the following spells:

 Spells                   Type           Power      Damage    Failure   Level
 Call Imp                 Summ           32%        N/A       4%          2
 Call Canine Familiar     Summ           16%        N/A       10%         3
 Summon Guardian Golem    Hex/Summ       9%         N/A       24%         3
 Summon Lightning Spire   Summ/Air       9%         N/A       63%         4

Inventory:

Hand Weapons
 c - a +0 whip {mace}
   (You found it on level 1 of the Dungeon)
Potions
 a - a potion of magic
 b - a potion of haste {unknown}
 d - a potion of heal wounds {unknown}

Dungeon Overview and Level Annotations

Branches:
Dungeon (1/15) Zot: 5703

Altars:

Annotations:
D:1 exclusions: 2 jackals and 1 more exclusion

###### ##########....# #
##########...^.........# #
#..........########....# #
####.########## #####..#####
#####....# #...........
...##.###############......######
......>.........@J....######.....
.##..>#####.....###########......
#####.......##### #.............
..########.## .#####..†.... #..#
#..b# #(. #..†.#..... ##.# #.
..##.# #.####..... ..# .. ..#.#
#.###...... ...#
.####.#.######.##..##### #....
...#.#.....)#..##


You could see an endoplasm.


Message History

The bat closely misses you.
Your rat misses the bat.
Okay, then.
You miss the bat. Your grab misses the bat. The bat barely misses you.
The bat misses you.
Your quokka bites the bat.
The bat closely misses your rat.
Your rat bites the bat.
The bat dies!
You drop a +0 quarterstaff {staff}.
You swap places.
A giant cockroach comes into view. 😎 MP[+2]
Your mp is fully restored (3).
A giant cockroach is nearby!
A frilled lizard comes into view.
A bat comes into view.
Your quokka disappears in a puff of smoke!
A jackal comes into view.
The helpless giant cockroach fails to defend itself.
You tentacle-slap the giant cockroach but do no damage.
You grab the giant cockroach.
You constrict the giant cockroach, but do no damage.
The frilled lizard hisses angrily.
The giant cockroach bites you. x2 😕 HP[-2]
You take 2 damage, and now have 9/11 hp.
You swap places.
You release your grip on the giant cockroach.
The giant cockroach bites your rat but does no damage.
Your rat bites the giant cockroach.
The giant cockroach bites your rat.
Your rat misses the giant cockroach. 😕 HP[+1] 😎 HP[+1]
Your hp is fully restored (11).
The giant cockroach bites you.
The giant cockroach barely misses you. 😕 HP[-1]
You take 1 damage, and now have 10/11 hp.
You barely miss the giant cockroach. You grab the giant cockroach.
You squeeze the giant cockroach.
You kill the giant cockroach! 😎 HP[+1]
Your hp is fully restored (11).
You start waiting.
A frilled lizard is nearby!
A frilled lizard is nearby!
You closely miss the frilled lizard.
The frilled lizard hisses angrily.
Your grab misses the frilled lizard. The frilled lizard closely misses you.
You tentacle-slap the frilled lizard. Your grab misses the frilled lizard.
The frilled lizard misses you.
You barely miss the frilled lizard. You grab the frilled lizard.
You constrict the frilled lizard.
You kill the frilled lizard!
No target in view!
You see here a hobgoblin corpse.
c - a +0 whip {mace}
There is a shaft here.
Found a stone staircase leading down.
Found a stone staircase leading down.
Found a stone staircase leading down.
There is a stone staircase leading down here.
There is a stone staircase leading down here.
d - an amethyst potion A jackal comes into view.
There is a stone staircase leading down here.
There is a stone staircase leading down here.
An endoplasm comes into view.
The helpless endoplasm fails to defend itself.
You tentacle-slap the endoplasm.
The endoplasm jiggles.
The endoplasm misses you.
You tentacle-slap the endoplasm but do no damage.
The endoplasm hits you. 😕 HP[-1]
You take 1 damage, and now have 10/11 hp.
You tentacle-slap the endoplasm. The endoplasm freezes you.
You are frozen. 😕 HP[-1]
You take 1 damage, and now have 9/11 hp.
You tentacle-slap the endoplasm but do no damage.
The endoplasm hits you. 😮 HP[-3]
You take 3 damage, and now have 6/11 hp.
MASSIVE DAMAGE!! (PAUSE)
You tentacle-slap the endoplasm but do no damage.
The endoplasm freezes you.
You are frozen.
* * * LOW HITPOINT WARNING * * *
😱 HP[-5]
You take 5 damage, and now have 1/11 hp.
MASSIVE DAMAGE!! (PAUSE) Unknown command.
Unknown command.
Unknown command.
You tentacle-slap the endoplasm. The endoplasm hits you.
* * * LOW HITPOINT WARNING * * *
Unknown command.
You barely miss the endoplasm. The endoplasm freezes you.
You are frozen.
You die...

Action                     || total
---------------------------++-------
  Melee: Unarmed           ||    16
         Constrict         ||     4
         Tentacles         ||     1
   Cast: Summon Small Mamm ||     7
   Stab: Sleeping          ||     2
 Armour: Skin              ||     7
  Dodge: Dodged            ||     8

Levels and vault maps discovered:
D:1:      lightli_arrival_statue_moat, layout_rooms, serial_shops,
          nicolae_shop_stone

Notes
Turn   | Place    | Note
-------+----------+-------------------------------------------
     0 | D:1      | MackTheKnife the Octopode Summoner began the quest for the
                  | Orb.
     0 | D:1      | Reached XP level 1. HP: 11/11 MP: 3/3
     0 | D:1      | magus.rc [v1.9.6]
   292 | D:1      | HP: 1/11 [frozen (5)]
   296 | D:1      | Frozen to death by an endoplasm

Vanquished Creatures
  A giant cockroach (D:1)
  A frilled lizard (D:1)
2 creatures vanquished.

Vanquished Creatures (collateral kills)
  An endoplasm (D:1)
  A hobgoblin (D:1)
  A bat (D:1)
3 creatures vanquished.

Grand Total: 5 creatures vanquished

Table legend:
 A = Non-vault XP
 B = Vault XP
 C = Vault XP percentage of total XP
 D = Non-vault monster count
 E = Vault monster count
 F = Vault count percentage of total count
                 A         B        C        D         E       F
            +---------+---------+-------+---------+---------+-------
      Total |       8 |       0 |   0.0 |       5 |       0 |   0.0
            +---------+---------+-------+---------+---------+-------
        D:1 |       8 |       0 |   0.0 |       5 |       0 |   0.0
            +---------+---------+-------+---------+---------+-------

Action                     || total
---------------------------++-------
  Melee: Unarmed           ||    16
         Constrict         ||     4
         Tentacles         ||     1
   Cast: Summon Small Mamm ||     7
   Stab: Sleeping          ||     2
 Armour: Skin              ||     7
  Dodge: Dodged            ||     8

Illustrated notes

Table legend:
 A = Kills in this place as a percentage of kills in the entire game.
 B = Kills by you in this place as a percentage of kills by you in the entire game.
 C = Kills by friends in this place as a percentage of kills by friends in the entire game.
 D = Other kills in this place as a percentage of other kills in the entire game.
 E = Experience gained in this place as a percentage of experience gained in the entire game.
 F = Experience gained in this place divided by the number of levels of this place that you have seen.
                   A       B       C       D       E      F
               +-------+-------+-------+-------+-------+----------------------
         Total | 100.0 | 100.0 | 100.0 |   N/A | 100.0 |   8.0
       Dungeon | 100.0 | 100.0 | 100.0 |   N/A | 100.0 |   8.0
               +-------+-------+-------+-------+-------+----------------------

Table legend: (Time is in decaauts)
 A = Elapsed time spent in this place.
 B = Non-inter-level travel time spent in this place.
 C = Inter-level travel time spent in this place.
 D = Time resting spent in this place.
 E = Time spent auto-exploring this place.
 F = Levels seen in this place.
 G = Mean time per level.
                   A        B        C        D        E       F      G
               +--------+--------+--------+--------+--------+-----+--------+
         Total |    295 |    295 |      0 |     63 |     85 |   1 |  295.0 |
       Dungeon |    295 |    295 |      0 |     63 |     85 |   1 |  295.0 |
               +--------+--------+--------+--------+--------+-----+--------+

Top non-repeatable levels by time:
     D:1: 295 daAuts
